 Dungeon Crawl Stone Soup version 0.23.2-33-g5129a83184 (webtiles) character file.

Game seed: 15537079068210033566

627 psyvane the Cudgeler (level 7, -1/56 HPs)
             Began as a Purple Draconian Warper on July 9, 2019.
             Killed by divine providence
             ... invoked by an orc priest
              (13 damage)
             ... on level 5 of the Dungeon.
             The game lasted 00:21:15 (5069 turns).

psyvane the Cudgeler (Purple Draconian Warper)      Turns: 5069, Time: 00:21:16

Health: -1/56      AC:  7    Str: 13    XL:     7   Next: 23%
Magic:  7/10       EV: 24    Int: 14    God:
Gold:   343        SH:  0    Dex: 17    Spells: 4/11 levels left

rFire    . . .     SeeInvis .   o - +1 mace (crush)
rCold    . . .     Gourm    .   (no shield)
rNeg     + . .     Faith    .   (armour unavailable)
rPois    .         Spirit   .   (helmet restricted)
rElec    .         Reflect  .   q - +0 cloak
rCorr    .         Harm     .   (no gloves)
MR       +....                  (no boots)
Stlth    +++.......             (no amulet)
HPRegen  0.18/turn              v - +6 ring of evasion
MPRegen  0.12/turn              e - ring of positive energy

@: agile, shrouded
A: breathe power, unfitting armour, cold-blooded, AC +6
a: Breathe Dispelling Energy


You were on level 5 of the Dungeon.
You were not hungry.

You visited 1 branch of the dungeon, and saw 5 of its levels.

You collected 343 gold pieces.

Inventory:

Hand Weapons
 a - a +0 hand axe
 k - a +1 whip of pain
 l - a +2 dagger of electrocution
 n - a +1 short sword of speed
 o - a +1 mace of crushing (weapon)
Missiles
 d - 5 tomahawks of dispersal (quivered)
 p - 5 tomahawks
Armour
 q - a +0 cloak (worn)
Jewellery
 e - a ring of positive energy (right hand)
 v - a +6 ring of evasion (left hand)
 x - an uncursed ring of ice {unknown}
Wands
 r - a wand of paralysis (4)
Scrolls
 b - 2 scrolls of remove curse {unknown}
 c - 2 scrolls of blinking
 i - 5 scrolls of fear {unknown}
 m - a scroll of magic mapping {unknown}
 s - a scroll of enchant armour {unknown}
 t - 3 scrolls of teleportation {unknown}
Potions
 h - 2 potions of mutation {unknown}
 j - a potion of degeneration {unknown}
 u - a potion of heal wounds {unknown}
 w - 3 potions of berserk rage {unknown}
Comestibles
 f - 9 rations
 z - 2 chunks of flesh


   Skills:
 - Level 2.3 Fighting
 - Level 2.1(4.8) Axes
 + Level 6.7(6.9) Maces & Flails
 - Level 1.1 Throwing
 - Level 2.4 Dodging
 - Level 0.8 Stealth
 - Level 2.6 Spellcasting
 - Level 4.0 Translocations


You had 4 spell levels left.
You knew the following spells:

 Your Spells              Type           Power        Failure   Level  Hunger
a - Blink                 Tloc           N/A          7%          2    ###....
b - Shroud of Golubria    Chrm/Tloc      #.........   16%         2    ###....
c - Teleport Other        Tloc           ##......     13%         3    ###....

Your spell library contained the following spells:

 Spells                   Type           Power        Failure   Level  Hunger
 Gell's Gravitas          Tloc           ##........   13%         3    ###....
 Lesser Beckoning         Tloc           ##........   13%         3    ###....
 Passage of Golubria      Tloc           N/A          41%         4    #####..


Dungeon Overview and Level Annotations

Branches:
Dungeon (5/15)
 Temple: D:4-7

Altars:
Ashenzari
Gozag
Makhleb
Uskayaw
Wu Jian
Xom
Zin

Annotations:
D:2 1 runed translucent door, Crazy Yiuf


Innate Abilities, Weirdness & Mutations

You can breathe bolts of dispelling energy.
Your rich purple scales are hard. (AC +6)
You cannot fit into any form of body armour.
You are cold-blooded and may be slowed by cold attacks.


Message History

Items here: ))) [[ †† You hit the orc priest but do no damage.
The orc priest misses you.
The orc wizard casts a spell.
The orc wizard blinks!
You closely miss the orc priest.
Your tail-slap misses the orc priest.
The orc priest completely misses you.
You thump the orc priest!
You tail-slap the orc priest, but do no damage.
The orc priest is heavily wounded.
The orc priest mumbles some strange prayers to Beogh against you.
Beogh smites you!
* * * LOW HITPOINT WARNING * * *
The orc wizard gestures wildly while chanting.
The orc wizard blinks!
You feel agile all of a sudden.
An orc comes into view. It is wielding a +0 dagger.
The orc priest calls down the wrath of Beogh upon you.
Beogh smites you!
You die...

#....# ###o.#
#....# #.##.#
#....# #..oo#
#....#.# #
######.#####.#
#o)@....#
#########


You could see an orc priest.

Vanquished Creatures
  An ogre (D:5)
  A crimson imp (D:4)
  4 orc wizards
  3 orc priests
  An iguana (D:4)
  2 worker ants
  2 hound skeletons (D:4)
  10 adders
  An ooze (D:2)
  An adder skeleton (D:4)
  2 worms (D:2)
  3 dart slugs
  2 leopard geckos
  18 orcs
  2 ball pythons
  A giant cockroach (D:2)
  8 goblins
  10 hobgoblins
  7 bats
  2 frilled lizards
  11 kobolds
  2 leopard gecko skeletons
  4 rats
  2 fungi (D:1)
100 creatures vanquished.

Vanquished Creatures (others)
  9 toadstools (D:1)
9 creatures vanquished.

Grand Total: 109 creatures vanquished

Notes
Turn   | Place    | Note
-------+----------+-------------------------------------------
     0 | D:1      | psyvane the Draconian Warper began the quest for the Orb.
     0 | D:1      | Reached XP level 1. HP: 17/17 MP: 3/3
   275 | D:1      | Reached XP level 2. HP: 18/25 MP: 5/5
   284 | D:1      | Reached skill level 1 in Throwing
   771 | D:1      | Learned a level 2 spell: Blink
   774 | D:1      | Learned a level 2 spell: Shroud of Golubria
   838 | D:2      | Reached XP level 3. HP: 14/30 MP: 6/6
  1301 | D:2      | Found a runed translucent door.
  1302 | D:2      | Noticed Crazy Yiuf
  1674 | D:2      | Reached skill level 1 in Maces & Flails
  1674 | D:2      | Reached XP level 4. HP: 30/37 MP: 7/7
  2417 | D:3      | Reached skill level 2 in Maces & Flails
  2706 | D:3      | Reached skill level 3 in Maces & Flails
  2706 | D:3      | Reached XP level 5. HP: 42/42 MP: 8/8
  3352 | D:3      | Found a hide-covered altar of Uskayaw.
  3361 | D:3      | Reached skill level 4 in Maces & Flails
  3536 | D:4      | Learned a level 3 spell: Teleport Other
  3683 | D:4      | Reached XP level 6. HP: 47/49 MP: 9/9
  3713 | D:4      | Reached skill level 5 in Maces & Flails
  4494 | D:4      | Found a burning altar of Makhleb.
  4754 | D:5      | Entered Level 5 of the Dungeon
  4810 | D:5      | Reached skill level 6 in Maces & Flails
  4878 | D:5      | Found an opulent altar of Gozag.
  4881 | D:5      | Found a glowing silver altar of Zin.
  4881 | D:5      | Found a shimmering altar of Xom.
  4884 | D:5      | Found a shattered altar of Ashenzari.
  4884 | D:5      | Found an ornate altar of the Wu Jian Council.
  5010 | D:5      | Your scales start taking on a rich purple colour.
  5010 | D:5      | Reached XP level 7. HP: 56/56 MP: 7/10
  5069 | D:5      | Killed from afar by an orc priest

Skill      XL: |  1  2  3  4  5  6 |
---------------+-------------------+-----
Throwing       | 1 |  1.1
Translocations | 4 |  4.0
Maces & Flails | 1 3 4 6 |  6.7
Fighting       | |  2.3
Axes           | |  2.1
Dodging        | |  2.4
Stealth        | |  0.8
Spellcasting   | |  2.6

Action                   |  1- 3 |  4- 6 |  7- 9 || total
-------------------------+-------+-------+-------++-------
Melee: Hand axe          |    67 |       |       ||    67
       Tailslap          |    16 |    17 |     3 ||    36
       Dagger            |    36 |       |       ||    36
       Mace              |    21 |   242 |    19 ||   282
 Cast: Shroud of Golubri |       |     6 |     2 ||     8
       Blink             |       |       |     2 ||     2
Evoke: Wand              |       |       |     1 ||     1
  Use: Scroll            |     3 |     1 |       ||     4
       Potion            |       |     3 |     1 ||     4
 Stab: Sleeping          |     2 |     5 |       ||     7
       Paralysed         |       |       |     5 ||     5
  Eat: Chunk             |     2 |     9 |       ||    11
       Ration            |       |     1 |       ||     1
Armor: Skin              |    31 |    61 |       ||    92
Dodge: Dodged            |    74 |   221 |     6 ||   301
